 Dungeon Crawl Stone Soup version 0.31-a0-366-ga77b45bd9b (webtiles) character file.

Game seed: 7404957276789892245

10940 MacCMillion the Grappler (level 11, -2/99 HPs)
             Began as a White Draconian Shapeshifter on July 28, 2023.
             Was an Initiate of Gozag.
             Slain by a wolf (6 damage)
             ... on level 9 of the Dungeon.
             The game lasted 00:25:46 (15553 turns).

MacCMillion the Grappler (DrSh)                    Turns: 15553, Time: 00:25:47

Health: -2/99      AC:  7    Str: 22    XL:     11   Next: 42%
Magic:  11/11      EV: 14    Int:  8    God:    Gozag
Gold:   1708       SH:  5    Dex: 12    Spells: 10/10 levels left

rFire   . .          .
                       - Unarmed
rCold   + . .        (no shield)
rNeg    . . .        (body armour unavailable)
rPois   +            (helmet restricted)
rElec   .            (no cloak)
rCorr   .            (no gloves)
SInv    .            (no boots)
Will    .....        e - amulet of reflection
Stlth   +            x - ring of poison resistance
HPRegen 0.36/turn    (no ring)
MPRegen 0.12/turn

%: reflection
@: maw-form
A: devouring maw, breathe frost, AC +7, unfitting armour, cold resistance 1,
cold-blooded
a: Breathe Frost, Begin Untransformation, Renounce Religion, Potion Petition,
Call Merchant, Bribe Branch


You were on level 9 of the Dungeon.
You worshipped Gozag.
Gozag was most pleased with you.
You were a creature with a mouth for a stomach.
You visited 2 branches of the dungeon, and saw 12 of its levels.
You also visited: Sewer.

You collected 1751 gold pieces.
You paid 43 gold pieces to Gozag.

Inventory:

Missiles
 I - 8 poisoned darts
Armour
 y - a +2 pair of gloves
 H - a +2 kite shield of protection
Jewellery
 e - an amulet of reflection (around neck)
 m - an amulet of magic regeneration
 x - a ring of poison resistance (left hand)
 z - an amulet of the acrobat
Talismans
 b - a beast talisman
 E - a maw talisman
Wands
 u - a wand of roots (3)
 B - a wand of paralysis (8)
 L - a wand of flame (4)
Scrolls
 c - 3 scrolls of revelation
 f - 2 scrolls of identify
 h - 3 scrolls of poison {unknown}
 j - 7 scrolls of teleportation
 k - a scroll of summoning
 n - a scroll of enchant weapon
 q - 2 scrolls of brand weapon {unknown}
 r - a scroll of immolation
 t - 3 scrolls of fear {unknown}
 w - 3 scrolls of vulnerability {unknown}
 A - 2 scrolls of blinking {unknown}
 D - a scroll of torment {unknown}
 K - 2 scrolls of enchant armour {unknown}
Potions
 a - 2 potions of lignification
 d - 5 potions of ambrosia
 g - 5 potions of curing
 i - 4 potions of invisibility
 l - 2 potions of brilliance
 o - 2 potions of resistance
 p - 2 potions of haste
 s - a potion of attraction {unknown}
 v - 2 potions of cancellation
 C - a potion of might {unknown}
 F - 2 potions of heal wounds {unknown}
 G - 2 potions of degeneration {unknown}
 J - a potion of mutation {unknown}


   Skills:
 - Level 10.0 Fighting
 - Level 6.7 Dodging
 - Level 10.6 Unarmed Combat
 * Level 9.0 Shapeshifting


You had 10 spell levels left.
You didn't know any spells.
Your spell library contained the following spells:

 Spells                   Type           Power      Damage    Failure   Level
 Apportation              Tloc           0%         N/A       41%         1
 Foxfire                  Conj/Fire      0%         2x1d4     41%         1
 Slow                     Hex            0%         N/A       41%         1
 Lesser Beckoning         Tloc           0%         N/A       54%         2
 Confusing Touch          Hex            0%         N/A       78%         3
 Gell's Gravitas          Tloc           0%         N/A       78%         3
 Teleport Other           Tloc           0%         N/A       78%         3
 Vampiric Draining        Necr           0%         2d6       78%         3
 Dispersal                Tloc           0%         N/A       100%        6


Dungeon Overview and Level Annotations

Branches:
Dungeon (11/15)            Temple (0/1) D:4            Lair (1/5) D:9
    Orc (0/2) D:11          Sewer (visited)

Altars:
Ashenzari
Cheibriados
Dithmenos
Fedhas
Gozag
Hepliaklqana
Nemelex Xobeh
Sif Muna
Trog
Vehumet
The Shining One

Shops:
D:3 *[([   D:4 *   D:11 (


Innate Abilities, Weirdness & Mutations

You are a creature with a mouth for a stomach.
Your midsection houses a second, enormous mouth.
You can breathe waves of freezing cold which knock back foes.
Your icy white scales are hard. (AC +7)
You cannot fit into any form of body armour.
Your flesh is cold resistant. (rC+)
You are cold-blooded and may be slowed by cold attacks.


Message History

The wolf bites you! You block the wolf's attack. The black mamba misses you.
The wolf bites you but does no damage.
You closely miss the black mamba. You bite the black mamba!
The black mamba is heavily wounded.
The black mamba bites you. The wolf closely misses you. The wolf bites you.
* * * LOW HITPOINT WARNING * * *
The black mamba bites you!
* * * LOW HITPOINT WARNING * * *
Unknown command.
You punch the black mamba! You tail-slap the black mamba!
Your bite misses the black mamba.
The black mamba is almost dead.
The wolf barely misses you. The wolf bites you.
* * * LOW HITPOINT WARNING * * *
The black mamba barely misses you. The wolf bites you but does no damage.
The wolf closely misses you.
Unknown command.
You closely miss the black mamba.
Your tail-slap misses the black mamba.
The black mamba is almost dead.
The black mamba bites you!
* * * LOW HITPOINT WARNING * * *
The wolf misses you. The wolf bites you.
* * * LOW HITPOINT WARNING * * *
You block the black mamba's attack.
Unknown command.
You feel better. The wolf barely misses you. The wolf closely misses you.
The black mamba bites you.
* * * LOW HITPOINT WARNING * * *
The wolf bites you.
* * * LOW HITPOINT WARNING * * *
You block the wolf's attack. The black mamba closely misses you.
Okay, then.
Okay, then.
You closely miss the black mamba. You tail-slap the black mamba.
Your punch misses the black mamba.
The black mamba is almost dead.
You block the wolf's attack. The black mamba completely misses you.
The wolf bites you.
You die...
Your body crumbles into a pile of gold.

##...#####........... ##....P##
###.........
#.....PP###..#........
##....PPP##............
#....PPPP###..#........
##....PPPP# ###.........
##......PPP# #..........
#....PPShPP# ##.........
#.#..PP.W.P# ###.......
#.##PPP..hP# ##.......
##.##.PPPPPP# ##........
###...##PPPPP## #.........
###.##..######## ####........
##....#.....# ### ##.##.#......
#...........###.###............
####....#......#.....#....#......
.#####.###..#.###.....#.##.......


You could see a black mamba and 2 wolves.

Vanquished Creatures
  A boulder beetle (D:10)
  A gargoyle (D:10)
  An unseen horror (D:10)
  3 komodo dragons
  4 trolls
  A hornet (D:8)
  3 wraiths (D:11)
  Eustachio (D:4)
  13 yaks
  A wyvern (D:7)
  2 steam dragons (D:9)
  3 water moccasins
  Duvessa (D:4)
  2 ice beasts
  9 orc warriors
  2 black bears
  2 ogres
  A centaur (D:6)
  A wolf (Lair:1)
  5 phantoms
  3 kobold brigands
  A bullfrog (D:9)
  3 scorpions
  A gnoll sergeant (D:9)
  7 wights
  Dowan (D:4)
  10 killer bees
  6 howler monkeys
  2 hounds
  2 jellies
  4 orc priests
  2 sleepcaps
  A gnoll bouda (D:8)
  3 iguanas
  5 orc wizards
  Robin (D:4)
  12 adders
  6 gnolls
  A river rat (Sewer)
  2 white imps
  5 worms
  A dart slug (D:3)
  35 orcs
  6 endoplasms
  3 giant cockroaches (D:4)
  10 hobgoblins
  14 kobolds
  3 quokkas
  5 ball pythons
  5 bats
  3 frilled lizards
  13 goblins
  7 rats
240 creatures vanquished.

Vanquished Creatures (collateral kills)
  3 yaks (D:9)
  An orc priest (D:9)
  An orc wizard (D:9)
5 creatures vanquished.

Vanquished Creatures (others)
  An orc wizard (D:9)
  A gnoll (D:9)
  3 orcs
5 creatures vanquished.

Grand Total: 250 creatures vanquished

Notes
Turn   | Place    | Note
-------+----------+-------------------------------------------
     0 | D:1      | MacCMillion the Draconian Shapeshifter began the quest for
                  | the Orb.
     0 | D:1      | Reached XP level 1. HP: 16/16 MP: 1/1
   495 | D:1      | Reached XP level 2. HP: 24/24 MP: 2/2
  1000 | D:2      | Reached XP level 3. HP: 21/30 MP: 3/3
  1741 | D:3      | Reached XP level 4. HP: 36/38 MP: 4/4
  1778 | D:3      | Found a blossoming altar of Fedhas.
  1785 | D:3      | Found Jookh's Assorted Antiques.
  1803 | D:3      | Found an opulent altar of Gozag.
  1924 | D:3      | Found Xelaujou's Antique Weapon Emporium.
  1925 | D:3      | Found Ronohoi's Armour Boutique.
  2149 | D:3      | Found Kiagul's Antique Armour Shop.
  2502 | D:4      | Noticed Eustachio
  2591 | D:4      | Killed Eustachio
  2592 | D:4      | Reached skill level 5 in Unarmed Combat
  2592 | D:4      | Reached XP level 5. HP: 22/47 MP: 5/5
  2615 | D:4      | Found a shadowy altar of Dithmenos.
  2698 | D:3      | Reached XP level 6. HP: 30/55 MP: 6/6
  2818 | D:4      | Reached skill level 5 in Fighting
  2886 | D:4      | Found a glowing drain.
  2895 | Sewer    | Entered a sewer
  3231 | Sewer    | Your scales start taking on an icy white colour.
  3231 | Sewer    | Reached XP level 7. HP: 54/62 MP: 7/7
  3231 | Sewer    | Gained mutation: Your flesh is cold resistant. (rC+) [White
                  | Draconian growth]
  3480 | D:4      | Noticed Robin
  3496 | D:4      | Killed Robin
  3544 | D:4      | Found Jure's Gadget Gallery.
  3609 | D:3      | Became a worshipper of Gozag Ym Sagoz the Greedy
  3663 | D:4      | Found a broken altar of Ashenzari.
  3664 | D:4      | Found a hazy altar of Hepliaklqana.
  3717 | D:4      | Found a staircase to the Ecumenical Temple.
  4087 | D:4      | Noticed Dowan
  4088 | D:4      | Found a shimmering blue altar of Sif Muna.
  4158 | D:5      | Entered Level 5 of the Dungeon
  4525 | D:5      | Reached XP level 8. HP: 73/73 MP: 8/8
  5840 | D:6      | Reached XP level 9. HP: 66/82 MP: 9/9
  7025 | D:7      | Found a sparkling altar of Nemelex Xobeh.
  7685 | D:4      | Killed Dowan
  7689 | D:4      | Noticed Duvessa
  7701 | D:4      | Killed Duvessa
  8028 | D:4      | Got Sif Muna's Elucidation of Hyperbolic Accelerants
  8043 | D:4      | Found a bloodstained altar of Trog.
  8070 | D:4      | Found a snail-covered altar of Cheibriados.
  8918 | D:8      | Reached skill level 5 in Shapeshifting
  9629 | D:8      | Reached XP level 10. HP: 88/91 MP: 10/10
  9979 | D:8      | Found a radiant altar of Vehumet.
 10115 | D:9      | HP: 2/92 [troll (11)]
 10546 | D:9      | Reached skill level 5 in Dodging
 10573 | D:9      | Reached skill level 10 in Fighting
 12085 | D:9      | Reached skill level 10 in Unarmed Combat
 12527 | D:9      | Found a glowing golden altar of the Shining One.
 12599 | D:9      | Found a staircase to the Lair.
 12892 | D:10     | Entered Level 10 of the Dungeon
 12960 | D:10     | Noticed a boulder beetle
 12973 | D:10     | Killed a boulder beetle
 13276 | D:9      | Reached XP level 11. HP: 83/99 MP: 11/11
 13628 | D:10     | Identified the +0 rapier of Defence by Offence {heavy, rF+
                  | MP+9 Stlth-}
 14029 | D:11     | Found Zefixolo's Antique Weapon Boutique.
 14694 | D:11     | Noticed a six-headed hydra
 14844 | D:11     | Found a staircase to the Orcish Mines.
 14844 | D:11     | Noticed an orc knight
 15426 | Lair:1   | Entered Level 1 of the Lair of Beasts
 15551 | D:9      | HP: 3/99 [wolf (4)]
 15553 | D:9      | Slain by a wolf

Illustrated notes

Levels and vault maps discovered:
D:1:      eino_arrival_water_star, layout_loops_ring
D:2:      layout_loops_corners
D:3:      layout_loops_cross, mainiacjoe_overflow_surrounded_room,
          grunt_gozag_breadcrumbs, serial_shops,
          nicolae_shop_tiny_statue_garden, shop, nicolae_diamond_shop, shop,
          fountainhead, kennysheep_generic_room_4
D:4:      layout_basic, nzn_overflow_gifts_of_might_and_magic,
          lemuel_tele_altar, mainiacjoe_overflow_24_doors,
          mainiacjoe_overflow_divided_tiny, minmay_temple_entry_sparse_star,
          portal_sewer_entry_d, nicolae_shop_gadgets, uniq_robin, uniq_eustachio
D:5:      minmay_inner_zag, layout_loops_ring, minivault_19, uniq_duvessa
D:6:      layout_layer_cave, chequers_serial_rivers_micro_e
D:7:      cheibrodos_iron_armory, layout_loops_corners,
          mainiacjoe_overflow_cross_hatched
D:8:      layout_gridville, fiery_altar_vehumet, special_room
          [special_room_orc], minmay_statues_item, nrook_mini_vaults
D:9:      layout_cross, tso_oasis_becter, david_lair_shrubbed,
          serial_bayou_lake_a
D:10:     layout_loops_ring
D:11:     layout_basic, orc_david_3, serial_shops, shop, kennysheep_diamond
Lair:1:   layout_gridlike, minivault_19, grunt_megastairs_5

Skill      XL: |  1  2  3  4  5  6  7  8  9 10 11 |
---------------+----------------------------------+-----
Fighting       | 2 3 4 5 7 8 9 10 | 10.0
Unarmed Combat | 4 5 6 7 8 9 10 | 10.6
Dodging        | 3 4 6 |  6.7
Shapeshifting  | 5 7 9 |  9.0

Action                     |  1- 3 |  4- 6 |  7- 9 | 10-12 || total
---------------------------+-------+-------+-------+-------++-------
  Melee: Unarmed           |    80 |   158 |   329 |   252 ||   819
         Tailslap          |     7 |    11 |    45 |    57 ||   120
         Punch             |     3 |     2 |    14 |    18 ||    37
         Maw               |       |       |       |     2 ||     2
  Throw: Dart              |       |       |       |     5 ||     5
Ability: Breathe Frost     |       |       |     5 |     2 ||     7
  Evoke: Wand              |       |       |     1 |     1 ||     2
    Use: Potion            |       |       |     2 |     3 ||     5
         Scroll            |       |       |    12 |     1 ||    13
   Stab: Sleeping          |     1 |       |     1 |       ||     2
         Distracted        |       |       |     1 |     4 ||     5
 Armour: Skin              |    19 |    39 |   101 |    38 ||   197
  Dodge: Dodged            |    33 |    90 |   103 |   127 ||   353
  Block: Other             |    19 |    34 |    63 |    46 ||   162
         Reflection        |       |       |     2 |     2 ||     4
   Form: Maw               |       |       |       |     1 ||     1

Table legend: (Time is in decaauts)
 A = Elapsed time spent in this place.
 B = Non-inter-level travel time spent in this place.
 C = Inter-level travel time spent in this place.
 D = Time resting spent in this place.
 E = Time spent auto-exploring this place.
 F = Levels seen in this place.
 G = Mean time per level.
                   A        B        C        D        E       F      G
               +--------+--------+--------+--------+--------+-----+--------+
         Total |  15530 |  14586 |    944 |   4731 |   7324 |  13 | 1194.6 |
       Dungeon |  14902 |  13958 |    944 |   4461 |   7174 |  11 | 1354.7 |
          Lair |     50 |     50 |      0 |     23 |      0 |   1 |   50.0 |
         Sewer |    578 |    578 |      0 |    247 |    150 |   1 |  578.0 |
               +--------+--------+--------+--------+--------+-----+--------+

Top non-repeatable levels by time:
     D:8: 2660 daAuts
     D:9: 1907 daAuts
    D:10: 1770 daAuts
     D:6: 1526 daAuts
     D:4: 1493 daAuts
     D:7: 1451 daAuts
     D:3: 1107 daAuts
     D:2: 960 daAuts
     D:5: 873 daAuts
     D:1: 657 daAuts
   Sewer: 578 daAuts
    D:11: 494 daAuts
  Lair:1: 50 daAuts
